Map: El Dorado

Players

junlung

  • Race: Terran Terran
  • League: Gold
  • Spawn Location: 5:00

llllllllllll - Winner!

  • Race: Protoss Protoss
  • League: Gold
  • Spawn Location: 7:00

VOD

Have the link to the VOD?

Description

Time

  • Played on: April 24, 2025, 11:31 a.m.
  • Length: 7:06
Show
View Real Time Build Order
Export as new Build Order

junlung Terran 

Build Orders:  

Get SALT Encoding   

  12  0:00  SCV  
  13  0:12  SCV  
  14  0:18  Supply Depot  
  14  0:24  SCV  
  15  0:31  Refinery  
  15  0:41  Barracks  
  15  0:47  SCV  
  16  0:59  SCV  
  16  1:02  Supply Depot  
  17  1:07  Refinery  
  17  1:12  SCV  
  18  1:24  SCV  
  19  1:29  Reaper  
  20  1:36  Orbital Command  
  20  1:48  Factory  
  20  2:05  SCV  
  21  2:13  Supply Depot  
  21  2:17  SCV  
  21  2:18  Barracks Reactor  
  22  2:29  Marine  
  23  2:33  Bunker  
  23  2:34  Bunker  
  23  2:41  Widow Mine  
  23  2:47  Marine  
  21  2:58  SCV  
  21  3:04  Marine  
  22  3:11  Widow Mine  
  20  3:28  Marine  
  17  3:35  Hellion  
  17  3:46  Marine  
  15  4:04  Marine  
  15  4:09  SCV  
  17  4:17  Factory Tech Lab  
  17  4:21  Marine  
  18  4:25  SCV  
  19  4:35  Engineering Bay  
  20  4:38  SCV  
  20  4:39  Marine  
  21  4:50  SCV  
  22  4:57  Marine  
  23  5:04  Missile Turret  
  23  5:05  SCV  
  24  5:15  Marine  
  24  5:17  Missile Turret  
  25  5:31  Cyclone  
  28  5:39  Supply Depot  
  27  5:56  Marine  
  27  6:01  Supply Depot x2  
  25  6:23  Marine  
  29  6:29  Supply Depot  
  24  6:41  Marine  
  24  6:42  SCV  
Show
View Real Time Build Order
Export as new Build Order

llllllllllll Protoss - Winner!

Build Orders:  

Get SALT Encoding   

  12  0:00  Probe  
  13  0:12  Probe  
  14  0:19  Pylon  
  14  0:24  Probe  
  15  0:39  Gateway  
  15  0:41  Assimilator  
  15  0:50  Pylon  
  15  1:09  Gateway  
  15  1:15  Gateway  
  15  1:29  Cybernetics Core  
  15  1:35  Probe  
  16  1:48  Probe  
  16  1:54  Stalker x2  
  21  2:19  Stalker  
  21  2:20  Stalker  
  25  2:46  Stalker  
  27  2:55  Stalker  
  25  3:14  Probe  
  25  3:15  Warp Gate  
  24  3:26  Probe  
  25  3:29  Assimilator  
  25  3:38  Probe  
  24  3:50  Probe  
  25  4:01  Stargate  
  25  4:02  Probe  
  26  4:11  Pylon  
  26  4:14  Probe  
  27  4:30  Shield Battery  
  27  4:31  Shield Battery  
  27  4:33  Shield Battery  
  27  4:34  Shield Battery  
  27  4:35  Shield Battery  
  27  4:37  Void Ray  
  31  4:47  Pylon  
  31  5:06  Void Ray  
  35  5:15  Shield Battery  
  35  5:40  Void Ray  
  35  5:47  Zealot x3  
  45  6:15  Zealot  
  47  6:21  Pylon  
  47  6:22  Pylon  
  49  6:43  Stalker x2  
  51  6:47  Stalker  
Tags
 
League
GoldGold
Matchup
PvT
Replay Pack
kreditionep1
Spawn Locations
Close Positions
Add a new tag
Caveats
  • Supply blocks, unpowered buildings, or Contaminate may cause inaccurate times.
  • Supply counts are checked every 10 seconds.